 Dungeon Crawl Stone Soup version 0.23-a0-182-g58cdd98 (webtiles) character file.

99 Amnesiac the Ducker (level 4, 0/37 HPs)
             Began as a Mummy Monk on Sept 20, 2018.
             Was a Priest of Yredelemnul.
             Slain by an orc wizard
             ... wielding a +0 dagger
              (2 damage)
             ... on level 3 of the Dungeon.
             The game lasted 00:03:43 (1661 turns).

Amnesiac the Ducker (Mummy Monk)                    Turns: 1661, Time: 00:03:44

Health: 0/37       AC:  5    Str: 15    XL:     4   Next: 45%
Magic:  4/4        EV: 13    Int:  9    God:    Yredelemnul [***...]
Gold:   107        SH:  0    Dex: 14    Spells: 3/3 levels left

rFire    . . .     SeeInvis .   a - +0 short sword
rCold    . . .     Gourm    .   (no shield)
rNeg     + + +     Faith    .   i - +0 leather armour (curse)
rPois    ∞         Spirit   .   (no helmet)
rElec    .         Reflect  .   (no cloak)
rCorr    +         Harm     .   e - +1 pair of gloves
MR       .....                  (no boots)
Stlth    ++........             h - amulet of magic regeneration
HPRegen  0.12/turn              g - ring of fire
MPRegen  0.34/turn              k - ring of resist corrosion

@: no status effects
A: no food or potions, fire vulnerability, cold resistance 1, negative energy
resistance 3, torment resistance, unbreathing
a: Recall Undead Slaves, Injury Mirror, Animate Dead, Renounce Religion


You were on level 3 of the Dungeon.
You worshipped Yredelemnul.
Yredelemnul was most pleased with you.
You were not hungry.

You visited 1 branch of the dungeon, and saw 3 of its levels.

You collected 107 gold pieces.

Inventory:

Hand Weapons
 a - a +0 short sword (weapon)
Armour
 e - a +1 pair of gloves (worn)
 i - a cursed +0 leather armour (worn)
Jewellery
 g - a ring of fire (left hand)
 h - an amulet of magic regeneration (around neck)
 k - a ring of resist corrosion (right hand)
Scrolls
 b - a scroll of enchant armour {!r, unknown}
 c - 3 scrolls of remove curse {!r}
 f - a scroll of immolation {!r}
 j - 2 scrolls of identify {!r}


   Skills:
 + Level 3.8 Fighting
 - Level 2.4 Short Blades
 * Level 3.9 Dodging
 - Level 1.5 Stealth


You had 3 spell levels left.
You didn't know any spells.
Your spell library was empty.

Dungeon Overview and Level Annotations

Branches:
Dungeon (3/15)

Altars:
Wu Jian
Yredelemnul

Annotations:
D:2 Terence
D:3 Robin


Innate Abilities, Weirdness & Mutations

You do not eat or drink.
Your flesh is vulnerable to fire.
You are immune to poison.
Your flesh is cold resistant. (rC+)
You are immune to negative energy. (rN+++)
You are immune to unholy pain and torment.
You can survive without breathing.


Message History

An orc comes into view. It is wielding a club.
You swing at nothing.
Things that are here:
a club; a hobgoblin corpse You closely miss the orc.
The orc hits you with a club.
You hit the orc.
The orc is severely wounded.
The orc barely misses you.
You hit the orc.
You kill the orc!
Yredelemnul accepts your kill.
You swing at nothing.
j - 3 scrolls labeled TITOELURIPH {!r} (gained 2)
You now have 107 gold pieces (gained 9).
You see here a club.
An orc comes into view. It is wielding a dagger.
An orc and an orc wizard come into view.
The orc shouts! x2; The orc wizard shouts!
You hear a shout!
The orc hits you but does no damage.
You aren't carrying any items that you can evoke.
Unknown command.
Okay, then.
You see here a club.
A goblin comes into view. It is wielding a dagger.
Things that are here:
a club; a hobgoblin corpse The goblin hits you but does no damage.
The orc zaps a wand.
The bolt of acid misses you.
It is a wand of acid (5).
The goblin closely misses you.
You aren't carrying any items that you can evoke.
Unknown command.
The orc wizard mumbles some strange words.
The orc wizard seems to speed up.
The orc zaps a wand.
The bolt of acid hits the goblin.
The goblin is splashed with acid.
The acid corrodes the goblin!
The goblin dies!
The bolt of acid hits you! You resist.
You are splashed with acid!
The acid burns!
You resist.
* * * LOW HITPOINT WARNING * * *
The orc zaps a wand.
The bolt of acid hits you! You resist.
* * * LOW HITPOINT WARNING * * *
You are splashed with acid!
The acid burns!
You resist.
* * * LOW HITPOINT WARNING * * *
The orc wizard gestures at you while chanting.
The puff of frost misses you.
Things that are here:
a club; a goblin corpse
Okay, then.
Really read
j - 3 scrolls labeled TITOELURIPH {!r}?
As you read the scroll labeled TITOELURIPH {!r}, it crumbles to dust.
It is a scroll of identify.
c - 3 scrolls of remove curse {!r} Really read
f - 2 scrolls labeled ZOUX NABLA {!r}?
As you read the scroll labeled ZOUX NABLA {!r}, it crumbles to dust.
The creatures around you are filled with an inner flame!
It was a scroll of immolation {!r}.
The orc wizard zaps a wand.
The bolt of acid misses you.
It is a wand of acid (6).
Okay, then.
Really read
d - a scroll labeled BAYSYFU BOEPH {!r}?
As you read the scroll labeled BAYSYFU BOEPH {!r}, it crumbles to dust.
The scroll dissolves into smoke.
It was a scroll of fog {!r}.
The orc wizard hits you with a dagger.
You die...
Yredelemnul claims you as an undead slave.

.. #. ###.##..#.#
#.#####.#...##
#............#
#########..#.#####..
#...........
##.#.###### #.#§# #
# .. #.#§# .#. .#
#.#@# #.# o#
#.#o########.# o#
#.§§§.)o..##.# .#
#######.#.##.# .#
#....#.###.#
#..#.).ooo.#
##...#.######.
##.##.....g..
#...........


You could see an orc wizard (inner flame).

Vanquished Creatures
  3 adders
  An ooze (D:2)
  A worm (D:2)
  4 dart slugs
  2 leopard geckos
  2 orcs (D:3)
  2 giant cockroaches
  9 goblins
  5 hobgoblins
  A ball python (D:2)
  9 bats
  2 frilled lizards
  5 kobolds
  8 rats
54 creatures vanquished.

Vanquished Creatures (others)
  A goblin (D:3)
1 creature vanquished.

Grand Total: 55 creatures vanquished

Notes
Turn   | Place    | Note
-------+----------+-------------------------------------------
     0 | D:1      | Amnesiac the Mummy Monk began the quest for the Orb.
     0 | D:1      | Reached XP level 1. HP: 18/18 MP: 1/1
   104 | D:2      | Reached XP level 2. HP: 18/24 MP: 2/2
   176 | D:2      | Found a basalt altar of Yredelemnul.
   195 | D:2      | Became a worshipper of Yredelemnul the Dark
   195 | D:2      | Reached * piety under Yredelemnul
   195 | D:2      | Reached ** piety under Yredelemnul
   775 | D:2      | Reached XP level 3. HP: 23/29 MP: 3/3
  1187 | D:2      | Reached XP level 4. HP: 33/37 MP: 4/4
  1204 | D:2      | Noticed Terence
  1214 | D:2      | Found an ornate altar of the Wu Jian Council.
  1371 | D:3      | Reached *** piety under Yredelemnul
  1599 | D:3      | Noticed Robin
  1651 | D:3      | HP: 1/37 [acid (7)]
  1661 | D:3      | Slain by an orc wizard

Vault maps used:
D:1:      zelgadis_glass_arrival_small, serial_bayou_pond_d
D:2:      nicolae_overflow_crystal_walls, st_stairs_10,
          yredelemnul_altar_generic, uniq_terence
D:3:      lemuel_round_altar, uniq_robin

Skill      XL: |  1  2 |
---------------+-------+-----
Dodging        | 3 |  3.9
Fighting       | |  3.8
Short Blades   | |  2.4
Stealth        | |  1.5

Action                   |  1- 3 |  4- 6 || total
-------------------------+-------+-------++-------
Melee: Short sword       |   131 |    73 ||   204
  Use: Scroll            |       |     3 ||     3
 Stab: Sleeping          |     4 |     1 ||     5
Armor: Robe              |    42 |       ||    42
       Leather armour    |       |    13 ||    13
Dodge: Dodged            |   109 |    46 ||   155

Table legend:
 A = Non-vault XP
 B = Vault XP
 C = Vault XP percentage of total XP
 D = Non-vault monster count
 E = Vault monster count
 F = Vault count percentage of total count
                 A         B        C        D         E       F
            +---------+---------+-------+---------+---------+-------
      Total |     129 |      13 |   9.2 |      47 |       7 |  13.0
            +---------+---------+-------+---------+---------+-------
        D:1 |      14 |       0 |   0.0 |      10 |       0 |   0.0
        D:2 |      78 |       7 |   8.2 |      25 |       4 |  13.8
        D:3 |      37 |       6 |  14.0 |      12 |       3 |  20.0
            +---------+---------+-------+---------+---------+-------
